 Dungeon Crawl Stone Soup version 0.25-a0-578-gc91f01c39c (webtiles) character file.

Game seed: 17575337851713860330, levelgen mode: deterministic

828 An17 the Insei (level 7, -7/40 HPs)
             Began as a Vine Stalker Transmuter on Mar 6, 2020.
             Was an Initiate of Cheibriados.
             Mangled by an orc warrior
             ... wielding a cursed -1 battleaxe
              (12 damage)
             ... on level 6 of the Dungeon.
             The game lasted 00:14:53 (4378 turns).

An17 the Insei (Vine Stalker Transmuter)            Turns: 4378, Time: 00:14:54

Health: -7/40      AC:  5    Str: 15    XL:     7   Next: 97%
Magic:  0/14       EV: 11    Int: 15    God:    Cheibriados [......]
Gold:   346        SH:  0    Dex: 19    Spells: 4/14 levels left

rFire    x . .     SeeInvis .     - Unarmed
rCold    + + +     Gourm    .   (shield currently unavailable)
rNeg     . . .     Faith    .   (armour currently unavailable)
rPois    +         Spirit   +   (helmet currently unavailable)
rElec    .         Reflect  .   (cloak currently unavailable)
rCorr    .         Harm     .   (gloves currently unavailable)
MR       .....                  (boots currently unavailable)
Stlth    +++.......             i - amulet of the acrobat
HPRegen  0.53/turn              r - +4 ring of dexterity
MPRegen  0.14/turn              k - ring of wizardry

@: ice-form, very slow
A: large, regeneration 1, magic shield, no potion heal 3, rot immunity
a: End Transformation, Bend Time, Renounce Religion


You were on level 6 of the Dungeon.
You worshipped Cheibriados.
Cheibriados was noncommittal.
You were not hungry.
You were a creature of crystalline ice.
You visited 1 branch of the dungeon, and saw 6 of its levels.

You collected 346 gold pieces.

Inventory:

Missiles
 a - 129 arrows
 e - 4 boomerangs of dispersal (quivered)
Armour
 h - a +1 pair of gloves (melded)
 j - a +0 chain mail
 o - a +0 ring mail
 A - a +0 leather armour (melded)
Jewellery
 i - an amulet of the acrobat (around neck)
 k - a ring of wizardry (right front paw)
 p - an uncursed ring of protection from cold
 r - a +4 ring of dexterity (left front paw)
Wands
 y - a wand of random effects (15)
Scrolls
 s - 2 scrolls of magic mapping
 t - a scroll of fog
 v - 2 scrolls of teleportation
 x - 2 scrolls of immolation
Potions
 c - 5 potions of flight
 f - a potion of invisibility
 g - 4 potions of curing
 l - a potion of lignification {unknown}
 m - 3 potions of magic
 n - 2 potions of might
 q - a potion of stabbing
 w - a potion of heal wounds {unknown}
 z - a potion of brilliance {unknown}
Comestibles
 d - 7 rations


   Skills:
 + Level 1.6 Fighting
 + Level 0.1 Armour
 + Level 2.7 Dodging
 + Level 3.5 Stealth
 + Level 5.8 Unarmed Combat
 + Level 4.3 Spellcasting
 + Level 4.1 Transmutations
 + Level 0.5 Ice Magic


You had 4 spell levels left.
You knew the following spells:

 Your Spells              Type           Power        Failure   Level  Hunger
a - Beastly Appendage     Tmut           ###...       1%          1    None
b - Spider Form           Tmut/Pois      #.........   9%          3    ###....
c - Sticks to Snakes      Tmut           ###.....     1%          2    ##.....
d - Ice Form              Ice/Tmut       ##......     26%         4    ####...

Your spell library contained the following spells:

 Spells                   Type           Power        Failure   Level  Hunger
 Ignite Poison            Fire/Tmut/Pois #.......     12%         3    ###....
 Blade Hands              Tmut           ###.......   32%         5    ######.
 Fireball                 Conj/Fire      #.........   86%         5    ######.
 Starburst                Conj/Fire      #.........   100%        6    #######
 Ring of Flames           Chrm/Fire      #.........   100%        7    #######
 Ignition                 Fire           #.........   100%        8    #######


Dungeon Overview and Level Annotations

Branches:
Dungeon (6/15)             Temple (0/1) D:5

Altars:
Cheibriados
Elyvilon
Makhleb
Nemelex Xobeh
Qazlal
Ru
Trog
The Shining One

Shops:
D:4 [


Innate Abilities, Weirdness & Mutations

((You have extremely sharp teeth.))
Your natural rate of healing is unusually fast.
When hurt, damage is shared between your health and your magic reserves.
((Your bite disrupts and absorbs the magic of your enemies.))
Potions cannot restore your health.
You are immune to rotting.


Message History

Your +1 pair of gloves melds into your body.
Your +0 leather armour melds into your body.
The orc priest calls down the wrath of Beogh upon you.
You resist with significant effort.
The orc warrior hits you with a cursed -1 battleaxe!
You barely miss the orc warrior. The orc priest barely misses you.
The orc warrior hits you with a cursed -1 battleaxe!
You hit the orc warrior but do no damage.
The orc priest calls down the wrath of Beogh upon you.
Beogh smites you!
You hit the orc warrior but do no damage.
The orc warrior hits you with a cursed -1 battleaxe!
* * * LOW HITPOINT WARNING * * *
The orc priest mumbles some strange prayers to Beogh against you.
Pain shoots through your body!
* * * LOW HITPOINT WARNING * * *
You punch the orc warrior! You freeze the orc warrior.
The orc warrior is heavily wounded.
The orc warrior hits you with a cursed -1 battleaxe!
You die...

##.# ##.# ###§§§§
##.########## §§#_#§§§§
##..........# §§#.#§§§§
##..........# §§#.#§§§§
##..........# §#.#§§§
##.#######..######.####
##.#######............#
.#..(....'......Yo....#
##########.......o...##
..# #...........(..#
#.#
#..............#####o.
#......#######........
######## #$.......
#........ #........
#........


You could see an orc warrior and an orc priest.

Vanquished Creatures
  Grinder (D:4)
  A sky beast (D:5)
  2 centaurs
  A crimson imp (D:5)
  A hound (D:5)
  A jelly (D:5)
  2 bullfrog skeletons
  Jessica (D:3)
  An iguana (D:5)
  A worker ant (D:4)
  4 gnolls (D:2)
  2 adders
  7 oozes
  4 worms
  3 leopard geckos
  An orc (D:5)
  A ball python (D:3)
  5 bats
  4 giant cockroaches
  8 goblins
  7 hobgoblins
  6 jackals
  A quokka (D:2)
  3 frilled lizards
  4 kobolds (D:1)
  8 rats
80 creatures vanquished.

Notes
Turn   | Place    | Note
-------+----------+-------------------------------------------
     0 | D:1      | An17 the Vine Stalker Transmuter began the quest for the
                  | Orb.
     0 | D:1      | Reached XP level 1. HP: 9/9 MP: 4/4
   136 | D:1      | Reached XP level 2. HP: 4/14 MP: 3/6
   724 | D:1      | Reached XP level 3. HP: 11/17 MP: 4/7
   758 | D:1      | Learned a level 3 spell: Spider Form
   870 | D:1      | Learned a level 2 spell: Sticks to Snakes
   986 | D:2      | Gained mutation: Your natural rate of healing is unusually
                  | fast. [Vine Stalker growth]
   986 | D:2      | Reached XP level 4. HP: 8/21 MP: 2/9
   987 | D:2      | HP: 1/21 [gnoll/+0 halberd (8)]
  1151 | D:2      | Reached skill level 4 in Unarmed Combat
  1455 | D:2      | Found a glowing golden altar of the Shining One.
  1729 | D:3      | Noticed a centaur
  1743 | D:3      | Killed a centaur
  1743 | D:3      | Reached skill level 1 in Fighting
  1743 | D:3      | Reached XP level 5. HP: 19/25 MP: 7/11
  1773 | D:3      | Found a bloodstained altar of Trog.
  1775 | D:3      | Found a burning altar of Makhleb.
  1896 | D:3      | Found a sparkling altar of Nemelex Xobeh.
  2129 | D:3      | Noticed Jessica
  2135 | D:3      | Killed Jessica
  2135 | D:3      | Reached XP level 6. HP: 27/30 MP: 9/12
  2149 | D:3      | Learned a level 4 spell: Ice Form
  2386 | D:4      | Found Itih's Armour Shop.
  2406 | D:4      | Reached skill level 1 in Stealth
  2489 | D:4      | Noticed Grinder
  2507 | D:4      | Killed Grinder
  2507 | D:4      | Reached skill level 5 in Unarmed Combat
  2507 | D:4      | Reached XP level 7. HP: 21/33 MP: 5/14
  2635 | D:4      | Found a white marble altar of Elyvilon.
  3605 | D:5      | Entered Level 5 of the Dungeon
  4053 | D:5      | Found a sacrificial altar of Ru.
  4106 | D:5      | Found a snail-covered altar of Cheibriados.
  4124 | D:5      | Became a worshipper of Cheibriados the Contemplative
  4168 | D:5      | Found a staircase to the Ecumenical Temple.
  4363 | D:6      | Found a stormy altar of Qazlal.
  4378 | D:6      | Mangled by an orc warrior

Levels and vault maps discovered:
D:1:      dpeg_chamrin_arrival_tetris, layout_basic, serial_glass,
          glass_columns_a, glass_columns_b, glass_columns_a, glass_columns_b,
          glass_columns_b, glass_columns_a, glass_columns_c, glass_columns_a
D:2:      layout_loops_ring, overflow_temple_1_default
D:3:      layout_loops_ring, grunt_temple_overflow_open, first_ration,
          nemelex_spade_bored_becter, uniq_jessica
D:4:      layout_layer_cave, nicolae_overflow_crystal_walls, serial_shops,
          shop_fountains, serial_bayou_ford_a, roderic_roman_lattice,
          minmay_misc_feat_room, uniq_grinder
D:5:      layout_loops_ring, cheibrodos_worm_habitat, lemuel_doored_altar,
          minmay_temple_entry_slanted
D:6:      layout_basic, old_standard_altar, serial_shops, shop,
          nicolae_qazlal_eye_of_the_storm

Skill      XL: |  1  2  3  4  5  6  7 |
---------------+----------------------+-----
Dodging        | 2 |  2.7
Spellcasting   | 3 4 |  4.3
Unarmed Combat | 4 5 |  5.8
Fighting       | 1 |  1.6
Transmutations | 3 4 |  4.1
Stealth        | 2 3 |  3.5
Armour         | |  0.1
Ice Magic      | |  0.5

Action                   |  1- 3 |  4- 6 |  7- 9 || total
-------------------------+-------+-------+-------++-------
Melee: Unarmed           |    98 |   112 |    52 ||   262
       Headbutt          |     5 |     6 |     8 ||    19
       Bite              |    12 |    25 |    13 ||    50
       Kick              |     9 |    11 |     6 ||    26
       Punch             |       |       |     4 ||     4
 Cast: Beastly Appendage |    13 |    18 |     8 ||    39
       Spider Form       |     1 |       |       ||     1
       Ice Form          |       |     2 |     2 ||     4
  Use: Scroll            |     3 |    12 |     2 ||    17
 Stab: Sleeping          |       |     3 |     1 ||     4
  Eat: Ration            |       |     2 |     2 ||     4
Armor: Robe              |    24 |    18 |       ||    42
       Skin              |     1 |     7 |     3 ||    11
       Leather armour    |       |       |     6 ||     6
Dodge: Dodged            |    60 |    72 |    22 ||   154

Table legend:
 A = Non-vault XP
 B = Vault XP
 C = Vault XP percentage of total XP
 D = Non-vault monster count
 E = Vault monster count
 F = Vault count percentage of total count
                 A         B        C        D         E       F
            +---------+---------+-------+---------+---------+-------
      Total |     874 |     309 |  26.1 |      77 |       3 |   3.8
            +---------+---------+-------+---------+---------+-------
        D:1 |      47 |       0 |   0.0 |      22 |       0 |   0.0
        D:2 |     111 |       0 |   0.0 |      19 |       0 |   0.0
        D:3 |     153 |      37 |  19.5 |      17 |       1 |   5.6
        D:4 |      81 |     267 |  76.7 |       7 |       1 |  12.5
        D:5 |     428 |       5 |   1.2 |       9 |       1 |  10.0
        D:6 |      54 |       0 |   0.0 |       3 |       0 |   0.0
            +---------+---------+-------+---------+---------+-------
